 Dungeon Crawl Stone Soup version 0.30-a0-1157-g2cc9ac7196 (webtiles) character file.

Game seed: 10614276997203337273

1588 Zeldest the Cudgeller (level 8, -2/80 HPs)
             Began as an Ogre Warper on Apr 24, 2023.
             Slain by Prince Ribbit (9 damage)
             ... on level 5 of the Dungeon.
             The game lasted 00:07:57 (6083 turns).

Zeldest the Cudgeller (Ogre Warper)                 Turns: 6083, Time: 00:07:58

Health: -2/80      AC:  3    Str: 16    XL:     8   Next: 92%
Magic:  14/14      EV:  9    Int: 16    God:
Gold:   220        SH:  0    Dex:  8    Spells: 15/15 levels left

rFire   . . .        z - +0 giant club
rCold   . . .        (shield currently unavailable)
rNeg    . . .        A - +0 robe {Archmagi}
rPois   .            (helmet restricted)
rElec   .            (no cloak)
rCorr   .            (gloves unavailable)
SInv    +            (boots unavailable)
Will    .....        (no amulet)
Stlth   +            l - ring of see invisible
HPRegen 0.33/turn    (no ring)
MPRegen 0.14/turn

%: archmagi
@: no status effects
A: large, unfitting armour, tough skin 1
a: no special abilities


You were on level 5 of the Dungeon.
You visited 1 branch of the dungeon, and saw 5 of its levels.

You collected 220 gold pieces.

Inventory:

Hand Weapons
 q - a +1 flail of holy wrath
 z - a +0 giant club (weapon)
Missiles
 d - 7 boomerangs of dispersal
 m - a boomerang
 r - 9 poisoned darts (quivered)
 y - 4 curare-tipped darts
Armour
 A - a +0 robe of the Archmagi (worn)
Jewellery
 l - a ring of see invisible (left hand)
Wands
 p - a wand of roots (7)
Scrolls
 c - a scroll of blinking
 f - 2 scrolls of poison {unknown}
 i - 4 scrolls of vulnerability {unknown}
 j - a scroll of amnesia {unknown}
 k - a scroll of magic mapping {unknown}
 o - a scroll of immolation {unknown}
 t - a scroll of fear {unknown}
 w - a scroll of identify {unknown}
 x - a scroll of teleportation {unknown}
Potions
 a - a potion of resistance
 e - a potion of cancellation {unknown}
 g - 3 potions of curing
 h - 2 potions of flight {unknown}
 n - a potion of haste {unknown}
 s - a potion of berserk rage {unknown}
 u - 2 potions of lignification {unknown}
 v - a potion of heal wounds {unknown}


   Skills:
 - Level 5.0 Fighting
 + Level 7.6 Maces & Flails
 - Level 1.0 Throwing
 - Level 2.1 Dodging
 - Level 4.0 Spellcasting
 - Level 6.0 Translocations


You had 15 spell levels left.
You didn't know any spells.
Your spell library contained the following spells:

 Spells                   Type           Power      Damage    Failure   Level
 Blink                    Tloc           66%        N/A       2%          2
 Lesser Beckoning         Tloc           66%        N/A       2%          2
 Teleport Other           Tloc           33%        N/A       4%          3
 Vhi's Electric Charge    Tloc/Air       38%        N/A       14%         3
 Manifold Assault         Tloc           33%        N/A       14%         4
 Shock                    Conj/Air       16%        1d4       17%         1
 Swiftness                Air            4%         N/A       45%         3
 Airstrike                Air            2%         2d(1-17)  86%         4


Dungeon Overview and Level Annotations

Branches:
Dungeon (5/15) Zot: 23786
 Temple: D:4-7

Altars:
Elyvilon

Shops:
D:1 [   D:3 (   D:5 [

Annotations:
D:4 2 runed translucent doors, Zeldest's ghost, weakling VSDe
D:5 1 runed translucent door, Crazy Yiuf; Prince Ribbit


Innate Abilities, Weirdness & Mutations

You are too large for most types of armour.
You have tough skin. (AC +1)


Message History

There is an open door here.
You open the door.
There is an open door here.
There is an open door here.
Found a stone staircase leading down.
Found an escape hatch in the floor.
i - 4 scrolls labelled SESTIS PIBLA (gained 1)
There is a stone staircase leading down here.
Found a mace.
You open the door.
There is an open door here.
You see here a +0 mace.
Prince Ribbit comes into view.
Prince Ribbit croaks.
Prince Ribbit is nearby!
You closely miss Prince Ribbit. Prince Ribbit hits you!
Prince Ribbit blinks!
Prince Ribbit winks and puckers his lips.
Prince Ribbit asks, "Just a little smooch?"
You closely miss Prince Ribbit. Prince Ribbit hits you!!
You closely miss Prince Ribbit. Prince Ribbit barely misses you.
Prince Ribbit hits you!!
You bludgeon Prince Ribbit!!
Prince Ribbit is heavily wounded.
Prince Ribbit catches a small bird with his tongue.
Prince Ribbit closely misses you.
Prince Ribbit hits you but does no damage.
You barely miss Prince Ribbit.
Prince Ribbit is heavily wounded.
Prince Ribbit barely misses you.
You miss Prince Ribbit.
Prince Ribbit is heavily wounded.
Prince Ribbit hits you!
* * * LOW HITPOINT WARNING * * *
Prince Ribbit closely misses you.
You hit Prince Ribbit.
Prince Ribbit is severely wounded.
Prince Ribbit hits you!
* * * LOW HITPOINT WARNING * * *
Prince Ribbit hits you!
You die...

###
#########.#######
#.........#.....#
#.#######.##.##.#
#@# #.##.##.# #F#
#.##.##.# #.#
#.##.##.# #.#
#.##.##.# #.#
#)##.##.#
#.#######.#...#.#
........#.###.#.#
........#.# #.#.#
.......#.# #.#.#


You could see Prince Ribbit.

Vanquished Creatures
  Pikel (D:5)
  An ice beast (D:5)
  An ogre (D:5)
  2 phantoms (D:4)
  A lemure (D:5)
  4 scorpions
  2 jellies (D:4)
  4 orc priests (D:5)
  2 hounds (D:5)
  An iguana (D:5)
  Ijyb (D:5)
  Terence (D:3)
  An orc wizard (D:5)
  11 adders
  3 worms
  10 orcs
  8 ball pythons
  6 bats
  8 endoplasms
  8 giant cockroaches
  4 goblins
  2 hobgoblins
  7 jackals (D:2)
  3 quokkas
  2 frilled lizards
  7 kobolds
  4 rats
105 creatures vanquished.

Notes
Turn   | Place    | Note
-------+----------+-------------------------------------------
     0 | D:1      | Zeldest the Ogre Warper began the quest for the Orb.
     0 | D:1      | Reached XP level 1. HP: 22/22 MP: 3/3
   208 | D:1      | Reached skill level 2 in Maces & Flails
   221 | D:1      | Reached XP level 2. HP: 30/30 MP: 5/5
   336 | D:1      | Found Coymaekka's Antique Armour Boutique.
   790 | D:2      | Reached XP level 3. HP: 31/37 MP: 6/6
  1340 | D:2      | Reached XP level 4. HP: 44/48 MP: 7/7
  1885 | D:3      | Noticed a scorpion
  1893 | D:3      | Killed a scorpion
  1894 | D:3      | Reached skill level 3 in Maces & Flails
  1894 | D:3      | Reached XP level 5. HP: 30/55 MP: 7/9
  2221 | D:3      | Noticed Terence
  2236 | D:3      | Killed Terence
  2237 | D:3      | Reached skill level 5 in Fighting
  2237 | D:3      | Reached XP level 6. HP: 32/66 MP: 10/10
  2516 | D:3      | Found Ogaug's Weapon Shoppe.
  3089 | D:4      | Noticed Zeldest's ghost (weakling VSDe)
  3089 | D:4      | Found a large runed translucent door.
  3089 | D:4      | Found a large runed translucent door.
  3408 | D:4      | Found a white marble altar of Elyvilon.
  3714 | D:4      | Reached skill level 4 in Maces & Flails
  3714 | D:4      | Reached XP level 7. HP: 38/72 MP: 11/13
  4344 | D:5      | Entered Level 5 of the Dungeon
  4346 | D:5      | Noticed Pikel
  4348 | D:5      | Noticed Ijyb
  4368 | D:5      | Killed Pikel
  4369 | D:5      | Reached skill level 5 in Maces & Flails
  4369 | D:5      | Reached XP level 8. HP: 11/80 MP: 14/14
  4610 | D:5      | Found Doadauf's Antique Armour Boutique.
  4671 | D:5      | Reached skill level 6 in Maces & Flails
  5172 | D:5      | Reached skill level 7 in Maces & Flails
  5633 | D:5      | Killed Ijyb
  5886 | D:5      | Found a runed translucent door.
  5887 | D:5      | Noticed Crazy Yiuf
  6073 | D:5      | Noticed Prince Ribbit
  6083 | D:5      | Slain by Prince Ribbit

Illustrated notes

Levels and vault maps discovered:
D:1:      grunt_arrival_lava_bath, layout_basic, serial_shops,
          nicolae_shop_real_fake_doors, corexii_item_surrounded_by_moat,
          chequers_serial_rivers_micro_e
D:2:      layout_loops_cross, hangedman_decor_growths
D:3:      layout_basic, serial_shops, shop, uniq_terence
D:4:      layout_loops_ring, mainiacjoe_overflow_catwalk,
          ebering_ghost_disaster_area
D:5:      layout_basic, serial_shops, shop, uniq_ijyb, uniq_crazy_yiuf_cottage,
          uniq_pikel, uniq_prince_ribbit1

Skill      XL: |  1  2  3  4  5  6  7  8 |
---------------+-------------------------+-----
Fighting       | 3 4 5 |  5.0
Maces & Flails | 2 3 4 5 7 |  7.6
Translocations | 3 4 6 |  6.0
Spellcasting   | 3 4 |  4.0
Throwing       | |  1.0
Dodging        | |  2.1

Action                     |  1- 3 |  4- 6 |  7- 9 || total
---------------------------+-------+-------+-------++-------
  Melee: Mace              |   132 |    10 |       ||   142
         Great mace        |       |    66 |    24 ||    90
         Flail             |       |   105 |    66 ||   171
         Punch             |       |     3 |       ||     3
         Giant club        |       |       |    46 ||    46
  Throw: Dart              |       |     1 |     3 ||     4
    Use: Potion            |       |     1 |     2 ||     3
         Scroll            |       |       |     1 ||     1
 Armour: Robe              |    51 |    66 |    22 ||   139
  Dodge: Dodged            |    80 |    93 |    70 ||   243

Table legend: (Time is in decaauts)
 A = Elapsed time spent in this place.
 B = Non-inter-level travel time spent in this place.
 C = Inter-level travel time spent in this place.
 D = Time resting spent in this place.
 E = Time spent auto-exploring this place.
 F = Levels seen in this place.
 G = Mean time per level.
                   A        B        C        D        E       F      G
               +--------+--------+--------+--------+--------+-----+--------+
         Total |   6212 |   6084 |    128 |   2190 |   2666 |   5 | 1242.4 |
       Dungeon |   6212 |   6084 |    128 |   2190 |   2666 |   5 | 1242.4 |
               +--------+--------+--------+--------+--------+-----+--------+

Top non-repeatable levels by time:
     D:5: 1529 daAuts
     D:4: 1508 daAuts
     D:3: 1295 daAuts
     D:2: 1253 daAuts
     D:1: 626 daAuts
